 Dungeon Crawl Stone Soup version 0.31-a0-187-gba352fbbf7 (webtiles) character file.

Game seed: 12101861248016779175

8473 TittyCrusher the Destroyer (level 11, -5/68 HPs)
             Began as an Octopode Earth Elementalist on June 22, 2023.
             Was a Priest of Vehumet.
             Slain by a spectral orc warrior
             ... wielding a +0 battleaxe
             ... summoned by Nergalle
              (14 damage)
             ... on level 1 of the Lair of Beasts.
             The game lasted 00:27:55 (9671 turns).

TittyCrusher the Destroyer (OpEE)                   Turns: 9671, Time: 00:27:55

Health: -5/68      AC:  1    Str: 16    XL:     11   Next: 31%
Magic:  16/18      EV: 15    Int: 24    God:    Vehumet [***...]
Gold:   382        SH:  4    Dex: 17    Spells: 7/19 levels left

rFire   . . .        Q - staff of death
rCold   . . .        f - +0 buckler
rNeg    + + .        (helmet restricted)
rPois   +            y - amulet of magic regeneration
rElec   .            p - +6 ring of intelligence
rCorr   .            x - +4 ring of slaying
SInv    .            G - ring "Septuesi" {Will+ Str+4 Dex+5}
Will    +....        O - ring of positive energy
Stlth   +++          R - ring of poison resistance
HPRegen 0.31/turn    (no ring)
MPRegen 0.56/turn    (no ring)
                     (no ring)

%: no passive effects
@: about to teleport, studying Maces & Flails
A: almost no armour, amphibious, 8 rings, camouflage 1, gelatinous body 1,
(nimble swimmer 1), tentacles
a: Renounce Religion


You were on level 1 of the Lair of Beasts.
You worshipped Vehumet.
Vehumet was most pleased with you.
You visited 2 branches of the dungeon, and saw 10 of its levels.
You also visited: Ossuary.

You collected 492 gold pieces.
You spent 110 gold pieces at shops.

Inventory:

Hand Weapons
 a - a +3 mace of protection
 b - a +1 sling of draining
 e - a +0 spear
Missiles
 d - 51 stones (quivered)
 i - 10 poisoned darts
 j - 3 javelins
Armour
 f - a +0 buckler (worn)
Magical Staves
 s - a staff of cold
 Q - a staff of death (weapon)
Jewellery
 p - a +6 ring of intelligence (left tentacle)
 x - a +4 ring of slaying (right tentacle)
 y - an amulet of magic regeneration (around mantle)
 G - the ring "Septuesi" (on tentacle) {Will+ Str+4 Dex+5}
   (You bought it in a shop on level 7 of the Dungeon)

   [ring of willpower]

   Str:       It affects your strength (+4).
   Dex:       It affects your dexterity (+5).
   Will:      It increases your willpower.
 O - a ring of positive energy (on tentacle)
 R - a ring of poison resistance (on tentacle)
Wands
 k - a wand of light (6)
 v - a wand of polymorph (3)
 H - a wand of charming (20)
 M - a wand of flame (19)
 N - a wand of mindburst (20)
 P - a wand of iceblast (8)
Scrolls
 c - a scroll of revelation
 h - a scroll of fog {unknown}
 m - a scroll of acquirement {unknown}
 n - a scroll of enchant weapon
 o - a scroll of brand weapon {unknown}
 A - a scroll of immolation
 C - a scroll of fear {unknown}
 F - a scroll of amnesia {unknown}
 L - a scroll of blinking {unknown}
Potions
 g - 2 potions of mutation
 q - 2 potions of magic
 r - a potion of cancellation
 t - 4 potions of haste
 u - 5 potions of lignification
 w - a potion of invisibility
 z - a potion of enlightenment
 D - 5 potions of curing
 E - 3 potions of attraction
 I - a potion of ambrosia {unknown}
 J - 2 potions of might {unknown}
 K - a potion of brilliance


   Skills:
 - Level 3.7 Fighting
 - Level 5.1 Dodging
 - Level 2.6 Stealth
 - Level 1.0 Shields
 - Level 4.7 Spellcasting
 - Level 11.1 Conjurations
 - Level 1.0 Transmutations
 + Level 7.7 Ice Magic
 - Level 7.8 Earth Magic


You had 7 spell levels left.
You knew the following spells:

 Your Spells              Type           Power      Damage    Failure   Level
a - Sandblast             Erth           86%        2d18      1%          1
b - Stone Arrow           Conj/Erth      100%       3d13      1%          3
c - Iskenderun's Battles  Conj           56%        2d11      1%          5
d - Frozen Ramparts       Ice            84%        1d13      1%          3

Your spell library contained the following spells:

 Spells                   Type           Power      Damage    Failure   Level
 Momentum Strike          Conj/Tloc      64%        3d9       1%          2
 Freeze                   Ice            100%       1d10      1%          1
 Magic Dart               Conj           100%       1d8       1%          1
 Searing Ray              Conj           100%       2d8       1%          2
 Hailstorm                Conj/Ice       50%        3d11      1%          3
 Passwall                 Tmut/Erth      22%        N/A       3%          2
 Fulminant Prism          Conj/Hex       16%        3d10      3%          4
 Sticky Flame             Conj/Fire      32%        2d5       3%          4
 Poisonous Vapours        Pois/Air       10%        N/A       5%          2
 Ignite Poison            Fire/Tmut/Pois 7%         N/A       9%          3
 Sting                    Tmut/Pois      32%        1d4       10%         1
 Leda's Unmaking          Conj/Erth      25%        9d5       11%         6
 Petrify                  Tmut/Erth      27%        N/A       19%         4
 Olgreb's Toxic Radiance  Pois           5%         N/A       28%         4
 Borgnjor's Vile Clutch   Necr/Erth      18%        N/A       54%         5
 Anguish                  Hex/Necr       4%         N/A       75%         4
 Animate Dead             Necr           8%         N/A       75%         4
 Cause Fear               Hex            2%         N/A       75%         4
 Spellforged Servitor     Conj/Summ      16%        N/A       91%         7
 Summon Forest            Summ/Tloc      2%         N/A       97%         5
 Summon Mana Viper        Hex/Summ       5%         N/A       97%         5
 Death Channel            Necr           4%         N/A       100%        6
 Summon Cactus Giant      Summ           2%         N/A       100%        6
 Enfeeble                 Hex            2%         N/A       100%        7
 Ignition                 Fire           2%         3d3       100%        8


Dungeon Overview and Level Annotations

Branches:
Dungeon (9/15)             Temple (0/1) D:5            Lair (1/5) D:9
Ossuary (visited)
    Orc: D:9-12

Altars:
Fedhas
Makhleb
Okawaru
Trog
Vehumet
Xom

Shops:
D:7 *

Annotations:
D:7 1 runed translucent door, exclusion: downstairs, Crazy Yiuf
D:8 exclusion: Erica
D:9 exclusion: upstairs
Lair:1 Nergalle


Innate Abilities, Weirdness & Mutations

You cannot wear most types of armour.
You are amphibious.
You can wear up to eight rings at the same time.
Your skin changes colour to match your surroundings (Stealth+).
Your rubbery body absorbs attacks. (AC +1, EV +1)
((You are camouflaged when in or above water. (Stealth+)))
You have tentacles for arms and can constrict up to eight enemies at once.


Message History

The wall freezes Nergalle.
Nergalle hits you with a +0 dagger!
The wall freezes the komodo dragon.
The komodo dragon bites your battlesphere.
The spectral orc warrior resists.
The wall freezes the spectral orc warrior.
The spectral orc warrior closely misses you.
The wall freezes Nergalle!
Nergalle hits you with a +0 dagger.
Unknown command.
Unknown command.
Unknown command.
Casting: Sandblast (safe; 1% risk of failure)
Confirm with . or Enter, or press ? or * to list all spells.
Aiming: Sandblast (safe; 1% risk of failure)
Press: ? - help, Shift-Dir - straight line, f/p - Nergalle
Aim: Nergalle, wielding a +0 dagger and wearing a +0 robe (grey smoke, heavily wounded, 83% to hit)
The blast of sand hits Nergalle.
Nergalle is severely wounded.
The frozen ramparts melt away.
Your battlesphere fires!
The barrage of energy hits the komodo dragon!
The komodo dragon is heavily wounded.
The spectral orc warrior barely misses you.
Nergalle hits you with a +0 dagger. You block the komodo dragon's attack.
The spectral orc warrior closely misses you.
The spectral orc warrior barely misses your battlesphere.
Unknown command.
Unknown command.
As you read the scroll of teleportation, it crumbles to dust.
You feel strangely unstable.
Nergalle gestures at you while chanting.
Orcish apparitions take form around you.
The komodo dragon bites you!!
* * * LOW HITPOINT WARNING * * *
The spectral orc warrior barely misses you.
The spectral orc warrior barely misses your battlesphere.
You feel much better. Nergalle hits you with a +0 dagger.
The komodo dragon bites you!
* * * LOW HITPOINT WARNING * * *
The spectral orc warrior hits you with a +0 battleaxe!
You die...

P.####....#
#....# ##..##
#P.### ##..#
##.# #...# #.#
##..# . #..#
..$ #$.#
.....##Z.##.#..
...†..l@.Z....#
.######oZ*...##
Z.##..## ...#
#..# .#.## #...
.... ... .. ##
.. ##


You could see Nergalle, a komodo dragon (ally target), 2 spectral orcs, 2
spectral orc warriors and a friendly battlesphere.

Vanquished Creatures
  Erica (D:8)
  Maurice (D:8)
  A cane toad (Lair:1)
  Joseph (D:7)
  A komodo dragon (Lair:1)
  A rime drake (Lair:1)
  A hornet (D:8)
  A polar bear (Lair:1)
  3 wraiths
  2 wyverns
  9 yaks
  A basilisk (Lair:1)
  An acid dragon (D:9)
  Duvessa (D:4)
  2 water moccasins (Lair:1)
  3 sky beasts
  2 ice beasts (D:8)
  2 orc warriors
  2 black bears (D:8)
  3 centaurs
  2 ogres
  2 phantoms
  6 bullfrogs
  A kobold brigand (D:7)
  Blork the orc (D:4)
  4 scorpions
  Dowan (D:4)
  11 killer bees
  3 hounds
  3 jellies
  A gnoll bouda (D:6)
  4 orc priests
  6 iguanas
  2 orc wizards
  8 mummies (Ossuary)
  Robin (D:4)
  4 gnolls (D:6)
  4 adders
  2 shadow imps
  A white imp (D:7)
  2 worms
  3 dart slugs
  19 orcs
  5 ball pythons
  6 bats
  2 endoplasms
  A giant cockroach (D:1)
  2 gnoll zombies (Ossuary)
  17 goblins
  10 hobgoblins
  3 jackals (D:2)
  11 kobolds
  3 quokkas
  2 frilled lizards
  2 hobgoblin zombies (Ossuary)
  3 kobold zombies (Ossuary)
  An orc zombie (Ossuary)
  4 rats
202 creatures vanquished.

Vanquished Creatures (others)
  An adder (D:4)
  A hobgoblin (D:4)
2 creatures vanquished.

Grand Total: 204 creatures vanquished

Notes
Turn   | Place    | Note
-------+----------+-------------------------------------------
     0 | D:1      | TittyCrusher the Octopode Earth Elementalist began the
                  | quest for the Orb.
     0 | D:1      | Reached XP level 1. HP: 11/11 MP: 3/3
   171 | D:1      | Reached XP level 2. HP: 17/17 MP: 3/5
   742 | D:2      | Reached XP level 3. HP: 21/21 MP: 2/7
   944 | D:2      | Learned a level 3 spell: Stone Arrow
  1749 | D:2      | You fall into a shaft and drop 2 floors!
  1764 | D:4      | Noticed Robin
  1779 | D:4      | Noticed Dowan
  2105 | D:3      | Reached XP level 4. HP: 27/27 MP: 8/8
  3024 | D:4      | Noticed Blork the orc
  3048 | D:4      | Killed Blork the orc
  3049 | D:4      | Reached skill level 5 in Earth Magic
  3049 | D:4      | Reached XP level 5. HP: 15/31 MP: 4/9
  3367 | D:4      | Noticed Duvessa
  3416 | D:4      | Killed Duvessa
  3417 | D:4      | Reached XP level 6. HP: 21/36 MP: 7/10
  3482 | D:4      | Killed Dowan
  3716 | D:4      | Killed Robin
  3767 | D:4      | Found a blossoming altar of Fedhas.
  3767 | D:4      | Found a shimmering altar of Xom.
  3787 | D:4      | Found a radiant altar of Vehumet.
  3945 | D:4      | Became a worshipper of Vehumet
  3974 | D:5      | Entered Level 5 of the Dungeon
  4030 | D:5      | Reached skill level 1 in Conjurations
  4030 | D:5      | Reached XP level 7. HP: 39/41 MP: 9/11
  4072 | D:5      | Reached skill level 2 in Conjurations
  4110 | D:5      | Reached skill level 3 in Conjurations
  4141 | D:5      | Found a staircase to the Ecumenical Temple.
  4213 | D:5      | Found an iron altar of Okawaru.
  4269 | D:5      | Reached skill level 4 in Conjurations
  4592 | D:6      | Reached skill level 5 in Conjurations
  4592 | D:6      | Reached XP level 8. HP: 46/46 MP: 8/12
  4721 | D:6      | Reached skill level 6 in Conjurations
  4785 | D:6      | Found a burning altar of Makhleb.
  4785 | D:6      | Noticed a blizzard demon
  4876 | D:6      | Learned a level 5 spell: Iskenderun's Battlesphere
  4997 | D:6      | Reached * piety under Vehumet
  4997 | D:6      | Offered knowledge of Foxfire by Vehumet.
  5269 | D:7      | Reached skill level 7 in Conjurations
  5365 | D:7      | Noticed a wyvern
  5378 | D:7      | Killed a wyvern
  5379 | D:7      | Reached XP level 9. HP: 51/51 MP: 13/13
  5479 | D:7      | Reached skill level 8 in Conjurations
  5887 | D:7      | Learned a level 3 spell: Frozen Ramparts
  5956 | D:7      | Found Wiwniumpa's Assorted Antiques.
  5961 | D:7      | Bought a clouded golden ring for 110 gold pieces
  5961 | D:7      | Identified the ring "Septuesi" {Will+ Str+4 Dex+5} (You
                  | bought it in a shop on level 7 of the Dungeon)
  6076 | D:7      | Reached skill level 9 in Conjurations
  6214 | D:7      | Noticed Joseph
  6293 | D:7      | Found a runed translucent door.
  6294 | D:7      | Noticed Crazy Yiuf
  6597 | D:8      | Found a sand-covered staircase.
  6600 | Ossuary  | Entered an ossuary
  6805 | D:8      | Found a bloodstained altar of Trog.
  6811 | D:8      | Offered knowledge of Static Discharge by Vehumet.
  6812 | D:8      | Reached skill level 10 in Conjurations
  6885 | D:8      | Reached ** piety under Vehumet
  6888 | D:8      | Reached skill level 11 in Conjurations
  7137 | D:8      | Reached XP level 10. HP: 53/56 MP: 8/14
  7316 | D:8      | Noticed Maurice
  7329 | D:8      | Killed Maurice
  7330 | D:8      | Reached skill level 5 in Dodging
  7359 | D:8      | Reached skill level 1 in Fighting
  7686 | D:8      | Reached skill level 1 in Shields
  7952 | D:8      | Noticed a green ugly thing
  7957 | D:8      | Noticed a centaur warrior
  8152 | D:8      | Reached skill level 1 in Ice Magic
  8245 | D:8      | Noticed Erica
  8285 | D:7      | Killed Joseph
  8420 | D:8      | Killed Erica
  8672 | D:9      | Found a staircase to the Lair.
  8701 | D:9      | Offered knowledge of Momentum Strike by Vehumet.
  9412 | D:9      | Reached skill level 5 in Ice Magic
  9412 | D:9      | Reached XP level 11. HP: 68/68 MP: 13/18
  9478 | Lair:1   | Entered Level 1 of the Lair of Beasts
  9486 | Lair:1   | Reached *** piety under Vehumet
  9662 | Lair:1   | Noticed Nergalle
  9671 | Lair:1   | Slain by a spectral orc warrior

Illustrated notes

Levels and vault maps discovered:
D:1:      dpeg_arrival_windows_large_door, layout_basic, serial_forest,
          infiniplex_forest_end_2, infiniplex_forest_zigzag_1,
          infiniplex_forest_lined_room_, infiniplex_forest_lined_1,
          infiniplex_forest_straight_2, infiniplex_forest_end_2,
          infiniplex_forest_clump_medium, nrook_loot_triangle
D:2:      layout_loops_corners, serial_aquarium, aquarium_bridge_straight
          [aquarium_subvault_bridge, aquarium_subvault_wall,
          aquarium_subvault_bridge, aquarium_subvault_balcony],
          aquarium_window_fake, aquarium_window_2, aquarium_window_corridor_2,
          aquarium_view_2c, aquarium_balcony_double_3, aquarium_pool_corner,
          chequers_serial_rivers_small_b, dk_vineyard_3
D:3:      layout_basic, nicolae_kite_square_tiling_tiny, serial_park_tiny_1
D:4:      layout_basic, fiery_altar_vehumet, nicolae_overflow_two_pavilions,
          uniq_duvessa, uniq_blork_the_orc, uniq_robin
D:5:      layout_cave_pools, kennysheep_okawaru_gauntlet,
          minmay_temple_entry_stoned_glass, chequers_garden
D:6:      layout_basic, makhleb_altar_promises_db
D:7:      layout_basic, serial_shops, nicolae_shop_hallway_plus,
          hangedman_decor_opposing, minmay_misc_feat_roman, uniq_joseph,
          uniq_crazy_yiuf_cottage
D:8:      cheibrodos_elevator_heist, layout_basic, trog_ov_bears_minmay,
          lightli_ossuary_entry_decrepit_ruins, uniq_maurice, uniq_erica
D:9:      layout_basic, lair_entry_dummy
Lair:1:   layout_loops_ring, beast_lair_carwin_11, uniq_nergalle

Skill      XL: |  1  2  3  4  5  6  7  8  9 10 11 |
---------------+----------------------------------+-----
Spellcasting   | 3 4 |  4.7
Earth Magic    | 5 6 7 |  7.8
Conjurations   | 1 5 7 11 | 11.1
Dodging        | 5 |  5.1
Fighting       | 3 |  3.7
Shields        | 1 |  1.0
Ice Magic      | 5 7 |  7.7
Stealth        | |  2.6
Transmutations | |  1.0

Action                     |  1- 3 |  4- 6 |  7- 9 | 10-12 || total
---------------------------+-------+-------+-------+-------++-------
  Melee: Dagger            |     7 |       |       |       ||     7
         Tentacles         |     4 |       |       |       ||     4
         Constrict         |     2 |       |       |       ||     2
         Punch             |     1 |       |       |       ||     1
   Fire: Sling             |    28 |    27 |    42 |     4 ||   101
  Throw: Stone             |     4 |       |       |       ||     4
   Cast: Sandblast         |    51 |    48 |   123 |    87 ||   309
         Stone Arrow       |       |       |     7 |     3 ||    10
         Iskenderun's Batt |       |       |     8 |    21 ||    29
         Frozen Ramparts   |       |       |       |     5 ||     5
  Evoke: Wand              |       |       |     3 |     1 ||     4
    Use: Scroll            |     4 |       |    10 |     2 ||    16
         Potion            |       |     1 |     2 |     3 ||     6
 Armour: Skin              |     1 |     3 |     3 |       ||     7
  Dodge: Dodged            |    15 |    10 |    37 |    28 ||    90
  Block: Buckler           |       |       |     7 |     9 ||    16

Table legend: (Time is in decaauts)
 A = Elapsed time spent in this place.
 B = Non-inter-level travel time spent in this place.
 C = Inter-level travel time spent in this place.
 D = Time resting spent in this place.
 E = Time spent auto-exploring this place.
 F = Levels seen in this place.
 G = Mean time per level.
                   A        B        C        D        E       F      G
               +--------+--------+--------+--------+--------+-----+--------+
         Total |   9868 |   9366 |    502 |   1462 |   5762 |  11 |  897.1 |
       Dungeon |   9457 |   8956 |    501 |   1386 |   5674 |   9 | 1050.8 |
          Lair |    199 |    199 |      0 |     56 |     88 |   1 |  199.0 |
       Ossuary |    211 |    211 |      0 |     20 |      0 |   1 |  211.0 |
               +--------+--------+--------+--------+--------+-----+--------+

Top non-repeatable levels by time:
     D:8: 1646 daAuts
     D:7: 1514 daAuts
     D:4: 1302 daAuts
     D:2: 1276 daAuts
     D:9: 923 daAuts
     D:6: 818 daAuts
     D:3: 804 daAuts
     D:1: 657 daAuts
     D:5: 514 daAuts
 Ossuary: 211 daAuts
  Lair:1: 199 daAuts
